 Dungeon Crawl Stone Soup version 0.25-a0-279-g53730b6a6f (webtiles) character file.

Game seed: 14230005561161178119, levelgen mode: deterministic

4620 Gargoyl the Chopper (level 10, -1/83 HPs)
             Began as a Centaur Abyssal Knight on Dec 10, 2019.
             Was an Elder of Lugonu.
             Slain by an orc warrior
             ... wielding a +0 trident
              (7 damage)
             ... on level 8 of the Dungeon.
             The game lasted 00:15:18 (11631 turns).

Gargoyl the Chopper (Centaur Abyssal Knight)       Turns: 11631, Time: 00:15:18

Health: -1/83      AC: 15    Str: 16    XL:     10   Next: 19%
Magic:  14/14      EV:  4    Int: 11    God:    Lugonu [****..]
Gold:   389        SH:  0    Dex: 11    Spells: 9/9 levels left

rFire    . . .     SeeInvis .   g - +4 war axe
rCold    . . .     Gourm    .   (no shield)
rNeg     . . .     Faith    .   s - +0 plate armour
rPois    .         Spirit   .   n - +2 hat
rElec    .         Reflect  .   C - +1 cloak
rCorr    .         Harm     .   (no gloves)
MR       .....                  (no barding)
Stlth    ..........             (no amulet)
HPRegen  0.23/turn              (no ring)
MPRegen  0.14/turn              (no ring)

@: very quick
A: large, hooves 3, deformed body, speed 2, tough skin 3
a: Depart the Abyss, Bend Space, Banish, Corrupt, Renounce Religion


You were on level 8 of the Dungeon.
You worshipped Lugonu.
Lugonu was greatly pleased with you.
You were hungry.

You visited 1 branch of the dungeon, and saw 8 of its levels.
You visited the Abyss 1 time.

You collected 389 gold pieces.

Inventory:

Hand Weapons
 a - a +3 hand axe
 g - a +4 war axe (weapon)
 m - a +1 war axe
Missiles
 y - 7 boomerangs (quivered)
Armour
 n - a +2 hat (worn)
 s - a +0 plate armour (worn)
 C - a +1 cloak (worn)
Wands
 t - a wand of polymorph (10)
 v - a wand of digging (5)
 A - a wand of random effects (9)
Scrolls
 i - 6 scrolls of remove curse
 l - 2 scrolls of enchant armour
 o - 4 scrolls of fear
 q - 4 scrolls of identify
 r - a scroll of magic mapping
Potions
 b - a potion of might
 e - 3 potions of haste
 f - 3 potions of curing
 h - 2 potions of flight {unknown}
 j - a potion of degeneration {unknown}
 k - 2 potions of magic {unknown}
 u - a potion of brilliance {unknown}
 x - 2 potions of invisibility {unknown}
 z - 2 potions of cancellation {unknown}
 B - a potion of lignification {unknown}
Comestibles
 c - 12 rations


   Skills:
 + Level 5.8 Fighting
 + Level 7.5 Axes
 * Level 6.5 Armour
 * Level 4.2 Dodging
 * Level 6.6 Invocations


You had 9 spell levels left.
You didn't know any spells.
Your spell library contained the following spells:

 Spells                   Type           Power        Failure   Level  Hunger
 Confusing Touch          Hex            #.....       100%        1    ##.....
 Magic Dart               Conj           #...         100%        1    ##.....
 Blink                    Tloc           N/A          100%        2    ###....
 Call Imp                 Summ           #.......     100%        2    ###....
 Slow                     Hex            #.......     100%        2    ###....
 Confuse                  Hex            #.......     100%        3    ####...
 Conjure Flame            Conj/Fire      #.......     100%        3    ####...
 Gell's Gravitas          Tloc           #.........   100%        3    ####...
 Mephitic Cloud           Conj/Pois/Air  #.......     100%        3    ####...
 Petrify                  Tmut/Erth      #.......     100%        4    #####..
 Metabolic Englaciation   Hex/Ice        #.........   100%        5    ######.
 Yara's Violent Unravell  Hex/Tmut       #.........   100%        5    ######.


Dungeon Overview and Level Annotations

Branches:
Dungeon (8/15)             Temple (0/1) D:4
   Lair: D:8-11

Altars:
Qazlal
The Shining One

Annotations:
D:7 1 runed translucent door


Innate Abilities, Weirdness & Mutations

You have hooves in place of feet.
Armour fits poorly on your strangely shaped body.
You cover ground very quickly.
You have extremely tough skin. (AC +3)


Message History

The orc warrior hits you with a +0 trident!
* * * LOW HITPOINT WARNING * * *
You closely miss the orc warrior.
The orc warrior is severely wounded.
The orc warrior barely misses you.
Unknown command.
You hit the orc warrior but do no damage.
Your kick misses the orc warrior.
The orc warrior is severely wounded.
The orc warrior hits you but does no damage.
You are feeling hungry.
You hit the orc warrior but do no damage.
Your kick misses the orc warrior.
The orc warrior is severely wounded.
The orc warrior hits you with a +0 trident.
* * * LOW HITPOINT WARNING * * *
You closely miss the orc warrior.
The orc warrior is severely wounded.
The orc warrior hits you with a +0 trident!
You die...

..# #...# #.# #...#
#####.# #...# ## .....##
#...###. ###...#
######...##..
#.....###............
#.#..................
.#.#.#..####............
.......@# ######...##..
......)o[?# #.#.####
#.......#.# #.###.#
#.........# ## ##
......... # .%#.#.....
.......... .........#


You could see an orc warrior.

Vanquished Creatures
  2 wyverns
  4 yaks (D:8)
  Menkaure (D:7)
  2 ice beasts
  A necrophage (D:8)
  4 phantoms
  3 sky beasts
  3 orc warriors
  An ogre (D:3)
  2 centaurs
  A big kobold (D:7)
  3 bullfrogs
  4 scorpions
  5 wights (D:7)
  2 howler monkeys
  4 crimson imps
  2 hounds
  3 jellies
  7 orc wizards
  A bullfrog skeleton (D:6)
  2 orc priests
  2 centaur skeletons (D:4)
  Ijyb (D:4)
  Natasha (thrice) (D:2)
  14 worker ants
  A killer bee zombie (D:5)
  A howler monkey zombie (D:5)
  4 gnolls (D:4)
  A howler monkey skeleton (D:4)
  9 adders
  A shadow imp (D:6)
  2 oozes
  4 worms
  3 dart slugs
  3 leopard geckos
  37 orcs
  5 giant cockroaches
  4 goblins
  10 hobgoblins
  9 jackals
  15 kobolds
  4 quokkas
  A ball python (D:1)
  7 bats
  8 frilled lizards
  A giant cockroach zombie (D:6)
  2 goblin skeletons (D:4)
  2 hobgoblin zombies (D:4)
  A kobold skeleton (D:4)
  2 kobold zombies (D:4)
  2 orc skeletons (D:4)
  An orc zombie (D:4)
  A quokka zombie (D:6)
  12 rats
  A butterfly (D:7)
231 creatures vanquished.

Vanquished Creatures (others)
  An orc warrior (D:7)
  An orc priest (D:7)
  An orc (D:7)
3 creatures vanquished.

Grand Total: 234 creatures vanquished

Notes
Turn   | Place    | Note
-------+----------+-------------------------------------------
     0 | Abyss:1  | Gargoyl the Centaur Abyssal Knight began the quest for the
                  | Orb.
     0 | Abyss:1  | Reached XP level 1. HP: 19/19 MP: 2/2
    34 | Abyss:1  | Found a sparkling altar of Nemelex Xobeh.
    83 | Abyss:1  | Found a sparkling altar of Nemelex Xobeh.
   138 | Abyss:1  | Noticed a sky beast
   153 | Abyss:1  | Noticed a thrashing horror
   160 | Abyss:1  | Noticed a worldbinder
   165 | D:1      | Escaped the Abyss
   424 | D:1      | Reached XP level 2. HP: 17/26 MP: 3/3
   662 | D:1      | Reached skill level 2 in Axes
   699 | D:1      | Reached * piety under Lugonu
   699 | D:1      | Reached skill level 1 in Dodging
   890 | D:1      | Reached XP level 3. HP: 28/31 MP: 4/4
  1617 | D:1      | Reached XP level 4. HP: 25/38 MP: 5/5
  1798 | D:2      | Noticed Natasha
  1809 | D:2      | Killed Natasha
  1944 | D:2      | Noticed Natasha
  1951 | D:2      | Killed Natasha
  1951 | D:2      | Reached XP level 5. HP: 13/46 MP: 5/7
  2196 | D:2      | Reached skill level 3 in Axes
  2301 | D:2      | Noticed Natasha
  2307 | D:2      | Killed Natasha
  2679 | D:2      | Reached ** piety under Lugonu
  3982 | D:4      | Noticed an ogre
  4017 | D:3      | Killed an ogre
  4017 | D:3      | Reached XP level 6. HP: 8/52 MP: 8/8
  4469 | D:4      | Noticed an orc warrior
  4909 | D:3      | Killed an orc warrior
  5064 | D:4      | Reached XP level 7. HP: 42/59 MP: 9/9
  5174 | D:4      | Reached skill level 4 in Axes
  5190 | D:4      | Found a glowing golden altar of the Shining One.
  5457 | D:4      | Reached *** piety under Lugonu
  5846 | D:4      | Noticed Ijyb
  5861 | D:4      | Killed Ijyb
  5959 | D:4      | Found a staircase to the Ecumenical Temple.
  6244 | D:5      | Entered Level 5 of the Dungeon
  6409 | D:5      | Reached XP level 8. HP: 56/67 MP: 11/11
  7075 | D:5      | Reached skill level 5 in Axes
  7574 | D:6      | Reached **** piety under Lugonu
  8005 | D:6      | Reached skill level 5 in Armour
  8515 | D:6      | Found a stormy altar of Qazlal.
  8558 | D:6      | Reached skill level 5 in Invocations
  8625 | D:6      | Reached skill level 5 in Fighting
  8625 | D:6      | Reached XP level 9. HP: 34/74 MP: 12/12
  8638 | D:6      | Reached skill level 6 in Axes
  9481 | D:7      | HP: 2/74 [orc priest/+0 hand axe (4)]
 10387 | D:7      | Found a runed translucent door.
 10388 | D:7      | Found a runed translucent door.
 10603 | D:7      | Noticed Menkaure
 10614 | D:7      | Killed Menkaure
 10901 | D:8      | Reached skill level 7 in Axes
 11285 | D:8      | Reached XP level 10. HP: 83/83 MP: 14/14
 11631 | D:8      | Slain by an orc warrior

Levels and vault maps discovered:
D:1:      dpeg_arrival_rooms_a, layout_loops_ring, minmay_misc_feat_iff,
          corexii_item_surrounded_by_moat
D:2:      layout_basic, first_ration, uniq_natasha
D:3:      layout_loops_corners
D:4:      layout_basic, nicolae_tso_besieged_by_evil, temple_fountains,
          uniq_ijyb
D:5:      layout_loops_ring, grunt_decor_clamped
D:6:      layout_basic, basic_altar, nicolae_underground_beach
D:7:      lemuel_insect_pit, layout_basic, uniq_menkaure
D:8:      layout_loops_cross, chequers_temple_overflow_statue_of_worship,
          grunt_livestock, bloody_makhleb

Skill      XL: |  1  2  3  4  5  6  7  8  9 |
---------------+----------------------------+-----
Axes           | 2 3 4 5 7 |  7.5
Dodging        | 1 2 3 4 |  4.2
Armour         | 2 3 4 5 6 |  6.5
Invocations    | 3 4 5 6 |  6.6
Fighting       | 4 5 |  5.8

Action                   |  1- 3 |  4- 6 |  7- 9 | 10-12 || total
-------------------------+-------+-------+-------+-------++-------
Melee: Hand axe          |    89 |   151 |   241 |       ||   481
       Kick              |    10 |    31 |   127 |    18 ||   186
       War axe           |       |       |   298 |    56 ||   354
Invok: Depart the Abyss  |     1 |       |       |       ||     1
       Banish            |       |       |     3 |       ||     3
Evoke: Wand              |       |       |     1 |       ||     1
  Use: Scroll            |     8 |     1 |     7 |       ||    16
       Potion            |     1 |     2 |     3 |       ||     6
  Eat: Chunk             |     1 |    10 |    11 |     2 ||    24
       Ration            |       |       |     2 |       ||     2
Armor: Leather armour    |    44 |       |       |       ||    44
       Chain mail        |       |    84 |       |       ||    84
       Plate armour      |       |     5 |   418 |    41 ||   464
Dodge: Dodged            |    53 |    32 |    99 |     4 ||   188

Table legend:
 A = Non-vault XP
 B = Vault XP
 C = Vault XP percentage of total XP
 D = Non-vault monster count
 E = Vault monster count
 F = Vault count percentage of total count
                 A         B        C        D         E       F
            +---------+---------+-------+---------+---------+-------
      Total |    5959 |     642 |   9.7 |     209 |      24 |  10.3
            +---------+---------+-------+---------+---------+-------
        D:1 |     113 |       0 |   0.0 |      31 |       0 |   0.0
        D:2 |     128 |      35 |  21.5 |      30 |       1 |   3.2
        D:3 |     294 |       0 |   0.0 |      16 |       0 |   0.0
        D:4 |     512 |      98 |  16.1 |      27 |      12 |  30.8
        D:5 |     814 |       0 |   0.0 |      21 |       0 |   0.0
        D:6 |    1027 |       0 |   0.0 |      31 |       0 |   0.0
        D:7 |    1416 |     509 |  26.4 |      38 |      11 |  22.4
        D:8 |    1655 |       0 |   0.0 |      15 |       0 |   0.0
            +---------+---------+-------+---------+---------+-------
